Map: Ephemeron LE

Players

MCanning - Winner!

  • Race: Protoss Protoss
  • Spawn Location: 11:00

xKawaiian

  • Race: Terran Terran
  • Spawn Location: 5:00

VOD

Have the link to the VOD?

Description

Time

  • Played on: Sept. 6, 2019, 12:51 p.m.
  • Length: 14:36
Show
View Real Time Build Order
Export as new Build Order

MCanning Protoss - Winner!

Build Orders: 1 Gate Expand, Colossus Rush 

Get SALT Encoding   

  12  0:00  Probe  
  13  0:13  Probe  
  14  0:17  Pylon  
  14  0:25  Probe  
  15  0:34  Probe  
  15  0:37  Gateway  
  15  0:42  Probe  
  16  0:47  Assimilator  
  17  0:51  Probe  
  18  1:03  Probe  
  19  1:15  Probe  
  20  1:25  Cybernetics Core  
  20  1:27  Probe  
  21  1:36  Nexus  
  21  1:42  Pylon  
  21  1:47  Probe  
  21  1:53  Adept  
  22  1:54  Assimilator  
  22  1:56  Warp Gate  
  22  2:00  Probe  
  25  2:12  Probe  
  26  2:20  Pylon  
  26  2:25  Probe  
  26  2:27  Sentry  
  29  2:33  Probe  
  29  2:41  Probe  
  29  2:42  Robotics Facility  
  29  2:48  Stalker  
  29  2:49  Probe  
  31  2:53  Probe  
  34  3:01  Probe  
  35  3:07  Gateway  
  35  3:08  Probe  
  36  3:17  Probe  
  36  3:18  Gateway  
  37  3:23  Shield Battery  
  37  3:25  Probe  
  38  3:29  Probe  
  38  3:32  Observer  
  40  3:38  Probe  
  41  3:42  Probe  
  41  3:43  Stalker  
  41  3:46  Shield Battery  
  44  3:50  Probe  
  44  3:54  Probe  
  46  3:57  Assimilator  
  46  4:02  Probe  
  47  4:06  Probe, Assimilator  
  47  4:09  Robotics Bay  
  48  4:13  Probe  
  48  4:17  Pylon  
  49  4:18  Probe  
  49  4:20  Observer  
  49  4:21  Probe  
  51  4:25  Forge  
  51  4:26  Pylon  
  51  4:29  Probe  
  51  4:30  Probe  
  53  4:33  Pylon  
  54  4:40  Observer, Stalker x2  
  54  4:41  Probe  
  54  4:42  Colossus  
  54  4:44  Sentry  
  62  4:56  Probe  
  62  4:57  Pylon  
  68  5:06  Stalker  
  70  5:07  Stalker  
  71  5:17  Adept  
  71  5:19  Probe  
  74  5:27  Pylon, Protoss Ground Weapons Level 1  
  74  5:33  Disruptor  
  74  5:34  Gateway  
  74  5:36  Adept x2  
  74  5:40  Gateway  
  81  5:48  Shield Battery  
  81  5:51  Stalker  
  83  5:57  Pylon  
  83  5:58  Pylon  
  83  5:59  Disruptor  
  83  6:00  Stalker  
  83  6:01  Stalker  
  87  6:08  Observer  
  90  6:16  Stalker  
  92  6:25  Probe  
  93  6:26  Pylon  
  93  6:27  Adept x2  
  97  6:35  Observer  
  97  6:37  Twilight Council  
  97  6:38  Pylon  
  97  6:39  Probe  
  98  6:41  Extended Thermal Lance  
  98  6:42  Colossus  
  104  6:53  Blink  
  104  6:55  Nexus  
  104  7:03  Pylon  
  104  7:06  Probe  
  105  7:12  Probe  
  106  7:19  Gateway  
  106  7:21  Stalker x2  
  110  7:24  Probe x2  
  112  7:34  Disruptor  
  115  7:44  Dark Shrine  
  115  7:47  Gateway  
  115  7:50  Pylon  
  115  7:54  Probe  
  115  7:57  Photon Cannon, Probe  
  115  8:01  Assimilator  
  115  8:04  Protoss Ground Armor Level 1  
  115  8:05  Adept, Assimilator  
  115  8:08  Shield Battery  
  115  8:18  Probe x2  
  115  8:30  Stalker x2  
  115  8:31  Stalker x2  
  121  8:40  Adept x2  
  125  8:44  Disruptor, Charge  
  128  8:52  Pylon  
  128  8:57  Dark Templar  
  128  8:58  Dark Templar  
  128  9:01  Zealot x2  
  134  9:08  Pylon  
  134  9:12  Probe  
  134  9:15  Zealot x2  
  134  9:16  Zealot  
  141  9:20  Pylon  
  141  9:22  Gateway  
  139  9:25  Stalker  
  139  9:26  Stalker  
  141  9:34  Dark Templar  
  143  9:38  Pylon  
  143  9:39  Disruptor  
  137  9:48  Zealot x3  
  137  9:49  Zealot x2  
  137  9:50  Protoss Ground Weapons Level 2  
  138  10:00  Stalker  
  134  10:08  Stalker x3  
  134  10:12  Zealot  
  134  10:26  Disruptor  
  134  10:39  Probe, Nexus  
  139  10:44  Dark Templar  
  139  10:49  Dark Templar  
  142  11:02  Disruptor  
  139  11:09  Dark Templar x2  
  139  11:10  Dark Templar  
  143  11:15  Archon  
  125  11:27  Dark Templar x3  
  125  11:28  Immortal  
  125  11:30  Zealot x2  
  133  11:33  Archon  
  119  11:56  Dark Templar  
  119  12:00  Dark Templar  
  119  12:01  Dark Templar  
  125  12:05  Archon  
  125  12:06  Zealot x2  
  127  12:22  Zealot x3  
  131  12:28  Probe  
  132  12:31  Observer  
  119  12:45  Disruptor, Dark Templar x2  
  119  12:48  Dark Templar  
  119  12:50  Probe, Archon  
  124  13:09  Zealot x3  
  128  13:22  Dark Templar  
  130  13:29  Templar Archives  
  126  13:44  Dark Templar x2  
  126  13:48  Archon  
  128  13:56  Dark Templar x2  
  111  14:11  Zealot  
  111  14:12  Zealot x2  
  113  14:18  Probe  
  113  14:24  Probe  
  108  14:27  Dark Templar  
Show
View Real Time Build Order
Export as new Build Order

xKawaiian Terran 

Build Orders:  

Get SALT Encoding   

  12  0:00  SCV  
  13  0:12  SCV  
  14  0:18  Supply Depot  
  14  0:24  SCV  
  15  0:30  Refinery  
  15  0:40  SCV  
  16  0:45  Barracks  
  16  0:52  SCV  
  17  1:04  SCV  
  18  1:16  SCV  
  19  1:32  Orbital Command  
  19  1:34  Barracks Reactor  
  19  1:44  Command Center  
  19  1:59  SCV  
  20  2:03  Factory  
  20  2:11  Marine  
  20  2:13  Supply Depot  
  20  2:15  SCV  
  22  2:16  Marine  
  23  2:35  SCV  
  24  2:47  SCV  
  24  2:48  Bunker  
  25  2:52  Hellion  
  25  2:54  Hellion  
  25  2:56  Barracks Tech Lab, Starport  
  29  2:59  Orbital Command  
  29  3:06  SCV  
  30  3:15  Hellion x2  
  30  3:19  SCV  
  35  3:22  Supply Depot, Marine  
  35  3:25  SCV  
  37  3:35  Stimpack  
  37  3:37  Refinery  
  37  3:43  SCV  
  37  3:44  SCV  
  37  3:46  Factory Tech Lab  
  37  3:47  Barracks  
  39  3:55  SCV  
  40  3:56  SCV  
  40  4:00  Marine  
  44  4:03  Medivac  
  44  4:07  SCV  
  44  4:08  Refinery, SCV  
  46  4:10  Supply Depot  
  46  4:17  Marine  
  46  4:18  Engineering Bay  
  46  4:19  SCV  
  46  4:20  SCV  
  46  4:24  Siege Tank  
  52  4:31  SCV  
  52  4:33  SCV  
  52  4:34  Supply Depot  
  52  4:35  Marine  
  55  4:39  Medivac  
  55  4:42  Marine x2  
  55  4:43  SCV  
  55  4:45  SCV  
  61  4:53  Marine  
  61  4:56  SCV  
  61  4:59  Marine  
  63  5:00  Marine  
  63  5:04  Siege Tank  
  68  5:11  Marine  
  69  5:15  Supply Depot  
  69  5:17  Marine  
  70  5:28  Barracks  
  70  5:29  Barracks  
  70  5:30  Supply Depot  
  70  5:36  Medivac, Marine x3  
  70  5:38  Combat Shield  
  70  5:42  Siege Tank  
  76  5:46  SCV x2  
  76  5:47  Supply Depot x2  
  76  5:48  Refinery  
  78  5:54  Marine x3  
  81  5:58  SCV x2  
  81  6:00  Terran Infantry Weapons Level 1  
  81  6:12  Marine  
  81  6:17  Siege Tank  
  89  6:18  SCV  
  89  6:24  SCV  
  89  6:29  Barracks Tech Lab, Barracks Reactor  
  87  6:33  Barracks  
  87  6:34  Barracks, Missile Turret  
  87  6:37  Marine  
  87  6:38  Marauder, Viking x2  
  94  6:48  Marine  
  95  6:57  Siege Tank  
  95  6:58  Barracks Tech Lab  
  95  6:59  Marauder  
  100  7:02  SCV  
  100  7:05  Marine  
  100  7:06  Concussive Shells  
  100  7:07  Supply Depot x2  
  102  7:17  Supply Depot  
  102  7:28  Marauder, Viking, Marine x3  
  102  7:29  Supply Depot x2  
  110  7:34  Marauder, Supply Depot  
  110  7:36  Barracks Reactor x2  
  111  7:41  SCV  
  110  7:46  Marauder  
  110  7:48  Marine x2  
  110  7:50  Marauder  
  116  7:54  Marine  
  116  7:57  Viking  
  118  8:01  Viking  
  118  8:05  Terran Infantry Armor Level 1, Marine  
  119  8:06  Marine  
  121  8:16  Liberator x2  
  121  8:24  Supply Depot  
  119  8:27  Command Center  
  119  8:34  Marine  
  123  8:39  SCV x2  
  123  8:40  Marauder  
  128  8:51  Marauder x2, Marine x2  
  134  8:56  Marine, SCV x2  
  134  9:00  Siege Tank  
  140  9:08  SCV x2  
  141  9:12  Marauder, Marine  
  141  9:16  Marauder, Marine x2  
  148  9:24  SCV  
  149  9:25  Marauder, Marine  
  149  9:27  Marine  
  149  9:29  Medivac  
  155  9:32  Medivac  
  155  9:35  Marine  
  157  9:40  Missile Turret  
  157  9:41  Missile Turret  
  149  9:49  Orbital Command  
  142  9:57  Marine x2  
  142  9:58  Marauder x2  
  140  10:04  Marauder  
  140  10:05  SCV  
  138  10:09  Marine  
  133  10:19  Marauder, SCV  
  133  10:23  SCV x2  
  135  10:31  Marauder, SCV  
  138  10:36  SCV  
  138  10:37  Marine  
  140  10:45  Marine x2  
  140  10:46  Marauder  
  129  11:08  Marauder x2, Marine x3  
  129  11:09  Marauder, SCV x3  
  126  11:21  SCV x2  
  109  11:29  Marine  
  109  11:30  Marauder x2, Marine  
  109  11:31  Orbital Command  
  114  11:38  Marauder, Marine x2  
  112  11:45  Marine  
  112  11:46  Marine  
  113  11:50  Marine  
  113  11:51  Marauder  
  111  11:57  Marine  
  111  11:58  Marauder  
  114  12:02  Marauder  
  114  12:03  SCV  
  113  12:19  Medivac x2  
  113  12:20  Marauder  
  112  12:25  Marauder, Marine  
  109  12:46  Marauder x2, Marine x2  
  109  12:48  Marine x2  
  116  13:04  Orbital Command  
  113  13:07  Marauder, Marine x2  
  113  13:08  Marauder  
  113  13:11  SCV  
  117  13:20  Marauder, Marine  
  117  13:22  Marine  
  121  13:32  Marauder, Marine x2  
  114  13:45  Marine x2  
  114  13:46  Marauder  
  116  13:52  Marine  
  116  13:53  Marauder  
  114  14:07  Orbital Command  
  86  14:12  Marine  
  86  14:13  Marauder  
Tags
 
Add a new tag
Caveats
  • Supply blocks, unpowered buildings, or Contaminate may cause inaccurate times.
  • Supply counts are checked every 10 seconds.